 Dungeon Crawl Stone Soup version 0.31-a0-232-gb1c03b2570 (webtiles) character file.

Game seed: 2913426352430703389

65 qw the Shooter (level 4, -8/26 HPs)
             Began as a Gargoyle Hexslinger on July 7, 2023.
             Killed by divine providence
             ... invoked by an orc priest
              (12 damage)
             ... on level 3 of the Dungeon.
             The game lasted 00:00:37 (2014 turns).

qw the Shooter (Gargoyle Hexslinger)                Turns: 2014, Time: 00:00:38

Health: -8/26      AC:  9    Str: 12    XL:     4   Next: 14%
Magic:  5/5        EV: 11    Int: 13    God:
Gold:   162        SH:  0    Dex: 20    Spells: 4/5 levels left

rFire   . . .        Y - +2 sling
rCold   . . .        (no shield)
rNeg    + . .        i - +0 ring mail
rPois   inf          g - +0 helmet
rElec   +            (no cloak)
rCorr   .            (no gloves)
SInv    .            (no boots)
Will    .....        (no amulet)
Stlth   +            c - +6 ring of dexterity
HPRegen 0.24/turn    (no ring)
MPRegen 0.09/turn

%: no passive effects
@: no status effects
A: sickness immunity, AC +3, negative energy resistance 1, electricity
resistance, torment resistance 1, petrification resistance
a: no special abilities


You were on level 3 of the Dungeon.
You visited 1 branch of the dungeon, and saw 3 of its levels.

You collected 162 gold pieces.


Innate Abilities, Weirdness & Mutations

You are immune to sickness and miasma.
Your stone body is resilient. (AC +3)
You are immune to poison.
You resist negative energy. (rN+)
You are resistant to electric shocks. (rElec)
You are resistant to unholy torment.
You are immune to petrification.


   Skills:
 - Level 2.2 Fighting
 + Level 3.6 Ranged Weapons
 - Level 1.0 Armour
 - Level 1.5 Dodging
 - Level 1.0 Spellcasting
 - Level 2.6 Hexes


You had 4 spell levels left.
You knew the following spells:

 Your Spells              Type           Power      Damage    Failure   Level
a - Slow                  Hex            28%        N/A       22%         1

Your spell library contained the following spells:

 Spells                   Type           Power      Damage    Failure   Level
 Inner Flame              Hex/Fire       4%         N/A       73%         3
 Portal Projectile        Hex/Tloc       8%         N/A       73%         3
 Cause Fear               Hex            3%         N/A       91%         4

Inventory:

Hand Weapons
 Y - a +2 sling (weapon)
Armour
 d - a +1 helmet
 g - a +0 helmet (worn)
 i - a +0 ring mail (worn)
Jewellery
 c - a +6 ring of dexterity (left hand)
Scrolls
 a - 2 scrolls of identify
 e - a scroll of brand weapon {unknown}
 f - a scroll of teleportation
Potions
 b - 4 potions of curing
 h - a potion of cancellation
 j - a potion of degeneration {unknown}

Dungeon Overview and Level Annotations

Branches:
Dungeon (3/15)

Altars:
Ru
Sif Muna


Message History

You shoot a sling bullet.
The sling bullet hits the orc priest but does no damage.
The orc priest hits you with a +0 club.
You shoot a sling bullet.
The sling bullet closely misses the orc priest.
The orc priest closely misses you. The orc priest hits you with a +0 club.
You shoot a sling bullet.
The sling bullet hits the orc priest but does no damage.
The orc priest hits you with a +0 club.
You shoot a sling bullet. The sling bullet hits the orc priest.
The orc priest is moderately wounded.
The orc priest miscasts a cantrip.
You shoot a sling bullet.
The sling bullet hits the orc priest but does no damage.
The orc priest is moderately wounded.
The orc priest casts a cantrip, but nothing happens.
The orc priest hits you with a +0 club.
You shoot a sling bullet. The sling bullet hits the orc priest.
The orc priest is severely wounded.
The orc priest looks encouraged for a moment.
You shoot a sling bullet.
The sling bullet hits the orc priest but does no damage.
The orc priest is severely wounded.
The orc priest hits you with a +0 club. The orc priest closely misses you.
You shoot a sling bullet.
The sling bullet hits the orc priest but does no damage.
The orc priest is severely wounded.
The orc priest hits you but does no damage.
You shoot a sling bullet.
The sling bullet hits the orc priest but does no damage.
The orc priest is severely wounded.
The orc priest closely misses you.
You shoot a sling bullet. The sling bullet hits the orc priest.
The orc priest is almost dead.
The orc priest calls down the wrath of Beogh upon you.
Beogh smites you!
Ouch! That really hurt!
The orc priest invokes the aid of Beogh against you.
Beogh smites you!
You die...

###.....
#8...8#............#.#
.....###
##...##.#.##########.#
.....#
#...##.#.###....###.#
.....# #...
#.#..........#.#
.....# ..)
#.#.###....#.#.#
.....# ..##.###
#....#.#.. .....#
..#.# ######.###
###### #o#.# #.# #
#@#.# #.# #
#.#.##########.#
#.#............#
#.############## #.#
#.# #.# #)# #.#


You could see an orc priest.

Vanquished Creatures
  2 adders (D:2)
  A dart slug (D:3)
  2 orcs (D:3)
  4 endoplasms
  A giant cockroach (D:2)
  4 hobgoblins
  6 jackals
  2 kobolds (D:1)
  A quokka (D:3)
  4 ball pythons
  4 bats
  3 frilled lizards
  2 goblins
  4 rats
40 creatures vanquished.

Notes
Turn   | Place    | Note
-------+----------+-------------------------------------------
     0 | D:1      | qw the Gargoyle Hexslinger began the quest for the Orb.
     0 | D:1      | Reached XP level 1. HP: 12/12 MP: 2/2
     0 | D:1      | 0 ||| qw: Version: 0.3-a-46-gb1f654a
     0 | D:1      | 0 ||| qw: Game counter: 2518
     0 | D:1      | 0 ||| qw: Melee chars always use a shield: true
     0 | D:1      | 0 ||| qw: God list: Okawaru
     0 | D:1      | 0 ||| qw: Allow faded altars: false
     0 | D:1      | 0 ||| qw: Do Orc after clearing Dungeon:15 true
     0 | D:1      | 0 ||| qw: Do second Lair branch before Depths: true
     0 | D:1      | 0 ||| qw: Lair rune preference: random
     0 | D:1      | 0 ||| qw: Goals: Normal
     0 | D:1      | 0 ||| PLANNING D:1-11
   190 | D:1      | Reached XP level 2. HP: 16/16 MP: 3/3
   478 | D:1      | Reached skill level 3 in Ranged Weapons
   874 | D:1      | 874 ||| UPGRADING to +0 helmet.
   879 | D:1      | 879 ||| UPGRADING to +0 ring mail.
   889 | D:1      | 889 ||| DROPPING +0 robe.
   890 | D:1      | 890 ||| READING scroll labelled UGU KAEDASASUA.
   891 | D:1      | 891 ||| READING scroll labelled ITEUCR COJAAZ.
   892 | D:1      | 892 ||| READING scroll labelled LUCOSH XIYTE.
   897 | D:1      | 897 ||| READING scroll labelled NYDIFARUEV.
   909 | D:1      | 909 ||| DROPPING scroll of poison.
   973 | D:2      | Found a faded altar of an unknown god.
  1069 | D:2      | Reached XP level 3. HP: 21/21 MP: 4/4
  1286 | D:2      | Reached skill level 1 in Armour
  1310 | D:2      | 1310 ||| UPGRADING to +6 ring of dexterity.
  1311 | D:2      | 1311 ||| READING scroll labelled GIWAWK ONANT.
  1312 | D:2      | 1312 ||| DRINKING 3 lumpy amethyst potions.
  1313 | D:2      | 1313 ||| READING 3 scrolls of identify.
  1313 | D:2      | 1313 ||| IDENTIFYING lumpy emerald potion
  1314 | D:2      | 1314 ||| READING 2 scrolls of identify.
  1314 | D:2      | 1314 ||| IDENTIFYING purple potion
  1315 | D:2      | 1315 ||| DROPPING potion of ambrosia.
  1670 | D:3      | Found a shimmering blue altar of Sif Muna.
  1709 | D:3      | Reached XP level 4. HP: 26/26 MP: 5/5
  1754 | D:3      | Found a sacrificial altar of Ru.
  2014 | D:3      | HP: 4/26 [orc priest/divine providence (13)]
  2014 | D:3      | Killed from afar by an orc priest

Levels and vault maps discovered:
D:1:      matt_arrival_spirals, layout_loops_ring, minmay_misc_feat_doors,
          chequers_jeans, nicolae_hexahallways
D:2:      layout_rooms, hellmonk_ecumenical_altar_blasted
D:3:      layout_basic, nicolae_ru_the_path_less_chosen,
          nicolae_sif_muna_little_library, serial_corexii_hall,
          corexii_hall_statues_x, chequers_hall_statues_y

Skill      XL: |  1  2  3 |
---------------+----------+-----
Ranged Weapons | 3 |  3.6
Fighting       | 2 |  2.2
Armour         | 1 |  1.0
Dodging        | |  1.5
Spellcasting   | |  1.0
Hexes          | |  2.6

Action                     |  1- 3 |  4- 6 || total
---------------------------+-------+-------++-------
   Fire: Sling             |   101 |    21 ||   122
    Use: Scroll            |     7 |       ||     7
         Potion            |     1 |       ||     1
 Armour: Robe              |     8 |       ||     8
         Ring mail         |    15 |     2 ||    17
  Dodge: Dodged            |    29 |     4 ||    33

Table legend:
 A = Non-vault XP
 B = Vault XP
 C = Vault XP percentage of total XP
 D = Non-vault monster count
 E = Vault monster count
 F = Vault count percentage of total count
                 A         B        C        D         E       F
            +---------+---------+-------+---------+---------+-------
      Total |      94 |       0 |   0.0 |      40 |       0 |   0.0
            +---------+---------+-------+---------+---------+-------
        D:1 |      26 |       0 |   0.0 |      17 |       0 |   0.0
        D:2 |      49 |       0 |   0.0 |      14 |       0 |   0.0
        D:3 |      19 |       0 |   0.0 |       9 |       0 |   0.0
            +---------+---------+-------+---------+---------+-------
